 Dungeon Crawl Stone Soup version 0.23-a0-183-gf37f6fb (webtiles) character file.

382 iamserjio the Chopper (level 6, -1/51 HPs)
             Began as a Draconian Wanderer on Sept 22, 2018.
             Slain by Duvessa
             ... wielding a +0 short sword
              (8 damage)
             ... on level 5 of the Dungeon.
             The game lasted 00:06:49 (4351 turns).

iamserjio the Chopper (Draconian Wanderer)          Turns: 4351, Time: 00:06:50

Health: -1/51      AC:  6    Str: 17    XL:     6   Next: 47%
Magic:  7/7        EV: 12    Int: 12    God:
Gold:   185        SH:  0    Dex: 10    Spells: 5/5 levels left

rFire    . . .     SeeInvis .     - Unarmed
rCold    . . .     Gourm    .   (no shield)
rNeg     . . .     Faith    .   (armour unavailable)
rPois    .         Spirit   .   (helmet restricted)
rElec    .         Reflect  .   (no cloak)
rCorr    .         Harm     .   (no gloves)
MR       .....                  (no boots)
Stlth    ++........             (no amulet)
HPRegen  0.17/turn              (no ring)
MPRegen  0.10/turn              (no ring)

@: hasted, very quick
A: unfitting armour, cold-blooded, AC +6
a: no special abilities


You were on level 5 of the Dungeon.
You were not hungry.

You visited 1 branch of the dungeon, and saw 5 of its levels.

You collected 185 gold pieces.

Inventory:

Hand Weapons
 a - a +2 hand axe
 c - a +0 dagger
 p - a +0 dagger of venom
 v - a +0 quarterstaff
Jewellery
 r - an uncursed ring of stealth {unknown}
Wands
 n - a wand of digging (10)
Scrolls
 e - 3 scrolls of identify {unknown}
 f - a scroll of blinking {unknown}
 h - 4 scrolls of teleportation {unknown}
 l - 2 scrolls of noise {unknown}
 m - 2 scrolls of immolation {unknown}
 o - 3 scrolls of remove curse {unknown}
 u - a scroll of fog {unknown}
 w - a scroll of fear {unknown}
 x - a scroll of enchant armour {unknown}
Potions
 g - a potion of brilliance {unknown}
 j - a potion of ambrosia {unknown}
 k - a potion of resistance {unknown}
 q - a potion of degeneration {unknown}
 s - a potion of invisibility {unknown}
 t - a potion of agility {unknown}
 z - a potion of flight {unknown}
Comestibles
 d - 6 rations
 A - a chunk of flesh


   Skills:
 + Level 3.4 Fighting
 - Level 5.0 Axes
 + Level 2.8 Dodging
 - Level 2.6 Stealth
 * Level 4.4 Unarmed Combat
 - Level 2.0 Evocations


You had 5 spell levels left.
You didn't know any spells.
Your spell library was empty.

Dungeon Overview and Level Annotations

Branches:
Dungeon (5/15)
 Temple: D:4-7

Altars:
Ashenzari
Dithmenos
Fedhas
Qazlal
Trog
Vehumet
Xom
Yredelemnul

Annotations:
D:2 Sigmund
D:5 Dowan, Duvessa


Innate Abilities, Weirdness & Mutations

Your plain brown scales are hard. (AC +6)
You cannot fit into any form of body armour.
You are cold-blooded and may be slowed by cold attacks.


Message History

You hit Duvessa. Duvessa closely misses you.
You hit Duvessa but do no damage.
Your tail-slap misses Duvessa.
Duvessa hits you with a short sword!
You hit Duvessa. Duvessa hits you with a short sword.
Okay, then.
You are now empty-handed.
You hit Duvessa. Duvessa hits you with a short sword.
You hit Duvessa. Duvessa hits you with a short sword.
* * * LOW HITPOINT WARNING * * *
You hit Duvessa but do no damage. Duvessa hits you with a short sword.
* * * LOW HITPOINT WARNING * * *
You feel better. Duvessa hits you with a short sword.
You hit Duvessa but do no damage. Duvessa hits you with a short sword!
* * * LOW HITPOINT WARNING * * *
You feel yourself speed up. Duvessa hits you with a short sword.
* * * LOW HITPOINT WARNING * * *
You hit Duvessa but do no damage.
Dowan, Brother of Duvessa comes into view.
He is wielding an enchanted dagger.
Duvessa hits you with a short sword!
You die...

#................#######
.........#..###e.......#
..##.#####.## ##.#####.
#.##.### #.# #.#
..^......#.# #>#
########.#e# #.# # #.#.#
#.# # #.#.# #e# # #.#.#
#@# #.#.# #.# ##.#.# #.#
####..#.# #.# #..e....#
#.# ####.##.#### #.#
e.e..##.# #.# #######>#
#?# #.#


You could see Duvessa and Dowan (wandering).

Vanquished Creatures
  A necrophage (D:5)
  A scorpion (D:4)
  A hound (D:5)
  A jelly (D:5)
  Ijyb (D:3)
  Jessica (D:3)
  3 adders
  An ooze (D:3)
  6 worms
  4 dart slugs
  2 leopard geckos (D:4)
  4 orcs
  5 bats (D:2)
  4 giant cockroaches
  8 goblins
  6 hobgoblins
  10 jackals
  9 kobolds
  A quokka (D:2)
  5 frilled lizards
  7 rats
81 creatures vanquished.

Notes
Turn   | Place    | Note
-------+----------+-------------------------------------------
     0 | D:1      | iamserjio the Draconian Wanderer began the quest for the
                  | Orb.
     0 | D:1      | iamserjio set off with: a +2 hand axe, 2 potions of curing
                  | {@q1}, a +0 dagger, a ration
     0 | D:1      | Reached XP level 1. HP: 14/14 MP: 2/2
   173 | D:1      | Reached skill level 1 in Fighting
   173 | D:1      | Reached XP level 2. HP: 16/23 MP: 3/3
   478 | D:1      | Reached skill level 1 in Unarmed Combat
   480 | D:1      | Reached skill level 1 in Dodging
   861 | D:2      | Found a stormy altar of Qazlal.
  1122 | D:2      | Reached XP level 3. HP: 28/28 MP: 4/4
  1180 | D:2      | Found a shattered altar of Ashenzari.
  1604 | D:2      | Noticed Sigmund
  1693 | D:2      | Reached XP level 4. HP: 36/36 MP: 5/5
  1806 | D:2      | Found a radiant altar of Vehumet.
  1806 | D:2      | Found a bloodstained altar of Trog.
  1808 | D:2      | Found a shadowy altar of Dithmenos.
  2019 | D:2      | Found a blossoming altar of Fedhas.
  2332 | D:3      | Noticed Jessica
  2345 | D:3      | Killed Jessica
  2628 | D:3      | Found a basalt altar of Yredelemnul.
  2778 | D:3      | Noticed Ijyb
  2908 | D:3      | Killed Ijyb
  2908 | D:3      | Reached XP level 5. HP: 34/42 MP: 6/6
  4034 | D:5      | Entered Level 5 of the Dungeon
  4187 | D:5      | Reached XP level 6. HP: 13/51 MP: 7/7
  4246 | D:5      | Found a shimmering altar of Xom.
  4246 | D:5      | Noticed Duvessa
  4351 | D:5      | Noticed Dowan
  4351 | D:5      | Slain by Duvessa

Vault maps used:
D:1:      roderic_chinese_lattice_arrival
D:2:      grunt_temple_overflow_forces_of_nature,
          gammafunk_temple_overflow_forgotten, evilmike_ruin_ashenzari,
          minmay_surrounded, uniq_sigmund
D:3:      old_standard_altar, uniq_jessica, uniq_ijyb
D:4:      first_ration
D:5:      nicolae_ossuary_entry_false_entrances, dk_xom_monty_hall, uniq_duvessa

Skill      XL: |  1  2  3  4  5 |
---------------+----------------+-----
Fighting       | 1 2 3 |  3.4
Unarmed Combat | 1 2 3 4 |  4.4
Dodging        | 1 2 |  2.8
Axes           | |  5.0
Stealth        | |  2.6
Evocations     | |  2.0

Action                   |  1- 3 |  4- 6 || total
-------------------------+-------+-------++-------
Melee: Hand axe          |    83 |   166 ||   249
       Tailslap          |     5 |     7 ||    12
       Punch             |       |     1 ||     1
       Unarmed           |       |     5 ||     5
  Use: Potion            |       |     4 ||     4
 Stab: Sleeping          |     3 |     4 ||     7
  Eat: Chunk             |     2 |     9 ||    11
Armor: Skin              |    18 |    37 ||    55
Dodge: Dodged            |    46 |    88 ||   134

Table legend:
 A = Non-vault XP
 B = Vault XP
 C = Vault XP percentage of total XP
 D = Non-vault monster count
 E = Vault monster count
 F = Vault count percentage of total count
                 A         B        C        D         E       F
            +---------+---------+-------+---------+---------+-------
      Total |     447 |     100 |  18.3 |      74 |       7 |   8.6
            +---------+---------+-------+---------+---------+-------
        D:1 |      30 |       0 |   0.0 |      18 |       0 |   0.0
        D:2 |      61 |      25 |  29.1 |      28 |       5 |  15.2
        D:3 |      38 |      75 |  66.4 |      15 |       2 |  11.8
        D:4 |     106 |       0 |   0.0 |       9 |       0 |   0.0
        D:5 |     212 |       0 |   0.0 |       4 |       0 |   0.0
            +---------+---------+-------+---------+---------+-------
